 Dungeon Crawl Stone Soup version 0.23.2-1-ga50397a (webtiles) character file.

Game seed: 4537187722776756768

312 Borgoz the Ruffian (level 6, -4/51 HPs)
             Began as a Ghoul Monk on May 24, 2019.
             Slain by an ogre
             ... wielding a +0 giant club
              (21 damage)
             ... on level 3 of the Dungeon.
             The game lasted 00:03:18 (2177 turns).

Borgoz the Ruffian (Ghoul Monk)                     Turns: 2177, Time: 00:03:18

Health: -4/51      AC:  9    Str: 17    XL:     6   Next: 42%
Magic:  5/5        EV: 14    Int:  5    God:
Gold:   85         SH:  0    Dex: 16    Spells: 5/5 levels left

rFire    . . .     SeeInvis .     - Unarmed
rCold    + . .     Gourm    .   (no shield)
rNeg     + + +     Faith    .   i - +0 chain mail
rPois    ∞         Spirit   .   (no helmet)
rElec    .         Reflect  .   (no cloak)
rCorr    .         Harm     .   (no gloves)
MR       .....                  (no boots)
Stlth    ..........             (no amulet)
HPRegen  0.00/turn              (no ring)
MPRegen  0.09/turn              (no ring)

@: agile, rotting
A: rotting body, claws 1, carnivore, cold resistance 1, negative energy
resistance 3, inhibited regeneration, torment resistance, unbreathing
a: no special abilities


You were on level 3 of the Dungeon.
You were not hungry.

You visited 1 branch of the dungeon, and saw 3 of its levels.

You collected 85 gold pieces.

Inventory:

Armour
 i - a +0 chain mail (worn)
Scrolls
 g - 2 scrolls of identify
Potions
 c - a potion of haste {unknown}
 d - a potion of lignification {unknown}
Comestibles
 a - 7 chunks of flesh
 b - 8 rations


   Skills:
 + Level 3.3 Fighting
 * Level 3.2 Armour
 + Level 3.9 Dodging
 - Level 2.1 Stealth
 * Level 5.2 Unarmed Combat


You had 5 spell levels left.
You didn't know any spells.
Your spell library was empty.

Dungeon Overview and Level Annotations

Branches:
Dungeon (3/15)

Altars:
Fedhas
Qazlal
The Shining One


Innate Abilities, Weirdness & Mutations

Your body is rotting away.
You thrive on raw meat.
You are immune to poison.
You have sharp fingernails.
You are carnivorous and can eat meat at any time.
Your flesh is cold resistant. (rC+)
You are immune to negative energy. (rN+++)
You do not regenerate when monsters are visible.
You are immune to unholy pain and torment.
You can survive without breathing.


Message History

There isn't anything here!
You see here a giant cockroach corpse.
You butcher the giant cockroach corpse.
a - 7 chunks of flesh (gained 2)
Found a stone staircase leading down.
An ogre comes into view. It is wielding a +0 giant club.
An ogre is nearby!
You claw the ogre!
The ogre is moderately wounded.
The ogre hits you but does no damage.
You scratch the ogre.
The ogre is moderately wounded.
You scratch the ogre.
The ogre is heavily wounded.
The ogre hits you with a +0 giant club!!
You are too injured to fight recklessly!
You aren't carrying any items that you can evoke.
You feel agile all of a sudden.
The ogre hits you with a +0 giant club!!
You die...

.>....#........# #.....#
......'.........#
#.....#
......#.........##
#.....#
......#..........#
#.....#
......##########.##
#.....# ...(.## ####..#
###'### ......#
####.....# #.# .8(._.#
.........## #.# ......#
......O@..# #.# .....##
.......##.####)#########
(....# .......
#.#...)...#..... ...###
....... #.#..........#
#.## .......
#............# #.#
....... ##...........##
..# .......
#............# .####
####### #............#
....# #.###+#......#


You could see an ogre.

Vanquished Creatures
  Sigmund (D:3)
  An orc priest (D:3)
  A worker ant (D:3)
  3 adders
  A worm (D:3)
  2 dart slugs (D:1)
  3 leopard geckos
  2 orcs (D:3)
  11 giant cockroaches
  7 goblins
  5 hobgoblins
  6 jackals (D:1)
  3 kobolds
  2 quokkas (D:3)
  5 bats
  2 frilled lizards
  7 rats
62 creatures vanquished.

Notes
Turn   | Place    | Note
-------+----------+-------------------------------------------
     0 | D:1      | Borgoz the Ghoul Monk began the quest for the Orb.
     0 | D:1      | Reached XP level 1. HP: 19/19 MP: 0/0
   148 | D:1      | Reached XP level 2. HP: 18/26 MP: 1/1
   400 | D:1      | Reached skill level 1 in Armour
   778 | D:1      | Reached XP level 3. HP: 31/31 MP: 2/2
  1363 | D:2      | Reached skill level 4 in Unarmed Combat
  1391 | D:2      | Reached XP level 4. HP: 33/38 MP: 3/3
  1805 | D:3      | Noticed Sigmund
  1832 | D:3      | Killed Sigmund
  1832 | D:3      | Reached skill level 5 in Unarmed Combat
  1832 | D:3      | Reached XP level 5. HP: 22/45 MP: 4/4
  1832 | D:3      | Reached XP level 6. HP: 25/51 MP: 5/5
  1911 | D:3      | Found a stormy altar of Qazlal.
  1913 | D:3      | Found a blossoming altar of Fedhas.
  1917 | D:3      | Found a glowing golden altar of the Shining One.
  2177 | D:3      | Slain by an ogre

Skill      XL: |  1  2  3  4  5  6 |
---------------+-------------------+-----
Dodging        | 3 |  3.9
Armour         | 1 2 3 |  3.2
Unarmed Combat | 4 5 |  5.2
Fighting       | |  3.3
Stealth        | |  2.1

Action                   |  1- 3 |  4- 6 || total
-------------------------+-------+-------++-------
Melee: Unarmed           |   122 |    92 ||   214
       Punch             |     2 |       ||     2
  Use: Scroll            |     3 |     2 ||     5
       Potion            |     2 |     4 ||     6
 Stab: Sleeping          |     5 |       ||     5
  Eat: Chunk             |     5 |     4 ||     9
Armor: Robe              |    28 |       ||    28
       Ring mail         |    10 |     5 ||    15
       Chain mail        |       |    40 ||    40
Dodge: Dodged            |    94 |    37 ||   131
